 Dungeon Crawl Stone Soup version 0.19.0-2-gae57169 (webtiles) character file.

142 Chiseanne the Charlatan (level 5, -2/34 HPs)
             Began as a High Elf Artificer on Nov 6, 2016.
             Slain by a worm (4 damage)
             ... on level 3 of the Dungeon.
             The game lasted 00:05:25 (1916 turns).

Chiseanne the Charlatan (High Elf Artificer)        Turns: 1916, Time: 00:05:25

Health: -2/34      AC:  6    Str: 11    XL:     5   Next: 3%
Magic:  9/9        EV: 12    Int: 15    God:
Gold:   121        SH:  0    Dex: 16    Spells: 0 memorised, 4 levels left

rFire  . . .     SeeInvis .     a - +5 mace
rCold  . . .     Gourm    .     k - +0 ring mail
rNeg   . . .     Faith    .     (no shield)
rPois  .         Spirit   .     b - +1 hat
rElec  .         Reflect  .     (no cloak)
rCorr  .         Harm     .     (no gloves)
MR     .....                    (no boots)
Stlth  +.........               (no amulet)
                                (no ring)
                                (no ring)

@: lethally poisoned (-2 -> -3)
A: no striking features
a: no special abilities


You were on level 3 of the Dungeon.
You were not hungry.

You visited 1 branch of the dungeon, and saw 3 of its levels.

You collected 121 gold pieces.

Inventory:

Hand Weapons
 a - a +5 mace (weapon)
Missiles
 g - 40 stones (quivered)
 h - a throwing net
 y - 26 bolts
Armour
 b - a +1 hat (worn)
 k - a +0 ring mail (worn)
 w - a +2 robe
Wands
 c - a wand of flame (13/48)
 d - a wand of enslavement (13/24)
 e - a wand of random effects (15/48)
 o - a wand of slowing (27/48)
Scrolls
 i - 2 scrolls of identify
 l - a scroll of immolation {unknown}
 q - a scroll of enchant armour
Potions
 j - 2 potions of lignification
 n - 4 potions of haste
 p - a potion of degeneration {unknown}
 s - 3 potions of mutation
 u - a potion of ambrosia {unknown}
 v - a potion of brilliance {unknown}
Comestibles
 f - 3 bread rations
 m - a slice of pizza
 x - 4 fruits
 z - 3 chunks of flesh


   Skills:
 * Level 2.2 Fighting
   Level 1.2 Short Blades
 * Level 1.8 Armour
 * Level 3.4 Dodging
 - Level 1.1 Stealth
 * Level 4.0 Evocations


You had 4 spell levels left.
You didn't know any spells.

Dungeon Overview and Level Annotations

Branches:
Dungeon (3/15)

Altars:

Annotations:
D:3 dvd's ghost, weakling OpVM


Message History

You are too confused!
You are too confused!
You are too confused!
You are too confused!
You are too confused!
You are too confused!
You are too confused!
You are too confused!
You're too confused to move!
You are engulfed in noxious fumes.
You choke on the stench!
You are more confused.
The kobold closely misses you. Dvd's ghost hits you.
Okay, then.
You feel sick. The worm bites you!
* * * LOW HITPOINT WARNING * * *
You're too confused to move!
Dvd's ghost closely misses you.
A goblin comes into view. It is wielding a club.
You feel less confused. The worm bites you.
You die...

...)....# #<...
........# ##...
........## #....g##
.).......#
....###.#.
......... ## ....
........########
..## ####WK.......
##.# #o..w.).####
#.# ....r..#@###
#.# ......##.#####
##<# .g...# #.....#
#..# ##### ###..##
#####.### ####.####
#........
#.......###........
#..................
#.......###########
#########


You could see a worm, dvd's ghost, an orc and a kobold.

Vanquished Creatures
  A crimson imp (D:3)
  2 adders (D:2)
  2 worms
  2 dart slugs (D:1)
  6 giant cockroaches
  6 goblins (D:1)
  13 hobgoblins
  A ball python (D:3)
  4 bats
  8 frilled lizards
  6 rats
51 creatures vanquished.

Vanquished Creatures (collateral kills)
  Jessica (D:2)
1 creature vanquished.

Grand Total: 52 creatures vanquished

Notes
Turn   | Place    | Note
-------+----------+-------------------------------------------
     0 | D:1      | Chiseanne the High Elf Artificer began the quest for the Orb.
     0 | D:1      | Reached XP level 1. HP: 13/13 MP: 4/4
   268 | D:1      | Reached XP level 2. HP: 16/18 MP: 5/5
   653 | D:1      | Reached skill level 1 in Armour
   749 | D:1      | Reached XP level 3. HP: 23/23 MP: 6/6
   884 | D:2      | Noticed Jessica
   902 | D:2      | Killed Jessica
   947 | D:2      | Reached XP level 4. HP: 24/29 MP: 7/7
  1893 | D:3      | Reached skill level 4 in Evocations
  1893 | D:3      | Reached XP level 5. HP: 30/34 MP: 7/9
  1904 | D:3      | Noticed dvd's ghost (weakling OpVM)
  1916 | D:3      | Slain by a worm

Skill      XL: |  1  2  3  4 |
---------------+-------------+-----
Armour         | 1 |  1.8
Fighting       | 2 |  2.2
Dodging        | 3 |  3.4
Evocations     | 4 |  4.0
Short Blades   | |  1.2
Stealth        | |  1.1

Action                   |  1- 3 |  4- 6 || total
-------------------------+-------+-------++-------
Melee: Short sword       |    85 |    72 ||   157
       Mace              |       |    32 ||    32
Evoke: Wand              |     4 |       ||     4
  Use: Scroll            |       |    10 ||    10
 Stab: Sleeping          |     2 |       ||     2
  Eat: Chunk             |       |     3 ||     3
Armor: Ring mail         |    26 |    38 ||    64
       Leather armour    |     1 |       ||     1
Dodge: Dodged            |    48 |    72 ||   120
